 Dungeon Crawl Stone Soup version 0.31-a0-145-g046c7d2549 (webtiles) character file.

Game seed: 3038979832724278086

4822 NateTC the Grappler (level 10, -1/96 (100) HPs)
             Began as a Troll Fighter on June 6, 2023.
             Was a Priest of Wu Jian.
             Slain by a wight
             ... wielding a +3 halberd
              (16 damage)
             ... on level 9 of the Dungeon.
             The game lasted 00:22:34 (6535 turns).

NateTC the Grappler (Troll Fighter)                 Turns: 6535, Time: 00:22:35

HP:   -1/96 (100)   AC:  4    Str: 26    XL:     10   Next: 25%
MP:   9/9           EV:  9    Int:  8    God:    Wu Jian [***...]
Gold: 622           SH: 10    Dex:  9    Spells: 9/9 levels left

rFire   . .          .
                       - Unarmed
rCold   . . .        b - +1 kite shield
rNeg    + . .        a - +0 robe
rPois   .            (helmet restricted)
rElec   .            (no cloak)
rCorr   +            (gloves unavailable)
SInv    .            (boots unavailable)
Will    .....        (no amulet)
Stlth   +            m - ring of resist corrosion
HPRegen 1.16/turn    p - ring of positive energy
MPRegen 0.11/turn

%: no passive effects
@: lightly drained
A: large, unfitting armour, claws 3, regeneration 1, shaggy fur 1, tough skin 1
a: Renounce Religion, Wall Jump, Serpent's Lash


You were on level 9 of the Dungeon.
You worshipped Wu Jian.
Wu Jian was most pleased with you.
You visited 2 branches of the dungeon, and saw 10 of its levels.

You collected 622 gold pieces.

Inventory:

Armour
 a - a +0 robe (worn)
 b - a +1 kite shield (worn)
Jewellery
 m - a ring of resist corrosion (left claw)
 p - a ring of positive energy (right claw)
 r - a ring of protection from cold
 s - a +6 ring of intelligence
 t - an amulet of regeneration
Wands
 g - a wand of flame (22)
 n - a wand of paralysis (3)
Scrolls
 f - 2 scrolls of immolation
 l - a scroll of fog
 o - 2 scrolls of fear
 u - 4 scrolls of identify
 v - a scroll of acquirement {unknown}
Potions
 c - 4 potions of might
 d - a potion of resistance
 e - 2 potions of enlightenment
 h - 3 potions of attraction
 i - 2 potions of haste
 j - 3 potions of curing
 k - a potion of magic
 q - 2 potions of lignification


   Skills:
 + Level 6.5 Fighting
 + Level 4.2 Dodging
 + Level 7.2 Shields
 * Level 10.5 Unarmed Combat


You had 9 spell levels left.
You didn't know any spells.
Your spell library contained the following spells:

 Spells                   Type           Power      Damage    Failure   Level
 Freeze                   Ice            0%         1d3       61%         1
 Sandblast                Erth           0%         2d4       61%         1
 Slow                     Hex            0%         N/A       61%         1
 Cigotuvi's Dreadful Rot  Necr/Pois/Air  0%         N/A       75%         2
 Ensorcelled Hibernation  Hex/Ice        0%         N/A       75%         2
 Passwall                 Tmut/Erth      0%         N/A       75%         2
 Confusing Touch          Hex            0%         N/A       93%         3
 Frozen Ramparts          Ice            0%         1d1       93%         3
 Hailstorm                Conj/Ice       0%         3d3       93%         3
 Spider Form              Tmut/Pois      0%         N/A       93%         3
 Stone Arrow              Conj/Erth      0%         3d7       93%         3
 Swiftness                Air            0%         N/A       93%         3
 Tukima's Dance           Hex            0%         N/A       93%         3
 Vampiric Draining        Necr           0%         2d6       93%         3
 Anguish                  Hex/Necr       0%         N/A       100%        4
 Dispel Undead            Necr           0%         3d6       100%        4
 Passage of Golubria      Tloc           0%         N/A       100%        4
 Yara's Violent Unravell  Hex/Tmut       0%         3d3       100%        5
 Death Channel            Necr           0%         N/A       100%        6


Dungeon Overview and Level Annotations

Branches:
Dungeon (9/15) Zot: 26879  Temple (1/1) D:4 Zot: 5791
   Lair: D:8-11         Orc: D:9-12

Altars:
Ashenzari
Cheibriados
Dithmenos
Elyvilon
Fedhas
Gozag
Hepliaklqana
Kikubaaqudgha
Makhleb
Nemelex Xobeh
Okawaru
Qazlal
Ru
Sif Muna
Uskayaw
Vehumet
Wu Jian
Xom
Yredelemnul
Zin
The Shining One


Innate Abilities, Weirdness & Mutations

You are too large for most types of armour.
You have claws for hands.
Your natural rate of healing is unusually fast.
You are covered in fur. (AC +1)
You have tough skin. (AC +1)


Message History

The wight hits you from afar with a +3 halberd!
* * * LOW HITPOINT WARNING * * *
You partially resist.
You feel drained.
* * * LOW HITPOINT WARNING * * *
You mangle the wight!!
You destroy the wight!
The Council accepts your kill.
The wight hits you from afar with a +3 halberd!
* * * LOW HITPOINT WARNING * * *
You partially resist.
You feel drained.
* * * LOW HITPOINT WARNING * * *
You mangle the orc!!
You kill the orc!
The Council accepts your kill.
You lunge at the wight.
You mangle the wight!!
You destroy the wight!
The Council accepts your kill.
Items here: ))) [.
Things that are here:
a +3 falchion; a +0 robe; a scroll of fog You lunge at the wight.
You claw the wight!
The wight is heavily damaged.
The wight hits you with a +3 halberd!
* * * LOW HITPOINT WARNING * * *
You partially resist.
You feel drained.
Items here: )) [[.
You completely miss the wight.
The wight is heavily damaged.
You block the wight's attack.
You scratch the wight.
The wight is severely damaged.
The wight barely misses you.
You barely miss the wight.
The wight is severely damaged.
The wight hits you with a +3 halberd!
* * * LOW HITPOINT WARNING * * *
You partially resist.
You feel drained.
* * * LOW HITPOINT WARNING * * *
You feel better. The wight hits you with a +3 halberd!
You die...

..
#.######............#
. #. ##............#
. # #...#.........#
.. .. #.#.#.........#
.< .................#
#.###..####.#####
..#.............#
.........##.....#
........@z).)...#
..........#.....#
..........####.##
..........# #.#
..........# #.#
....)...... #..
..#.....###. ...
####....# ######


You could see a wight.

Vanquished Creatures
  Sigmund (D:4)
  2 wyverns
  A vampire (D:9)
  5 yaks (D:7)
  Edmund (D:4)
  Menkaure (D:4)
  A water moccasin (D:7)
  A black bear (D:5)
  2 ice beasts
  An orc warrior (D:5)
  3 centaurs
  A sky beast (D:8)
  2 ogres
  A kobold brigand (D:6)
  4 bullfrogs
  7 wights
  2 scorpions (D:7)
  A wyvern skeleton (D:6)
  3 killer bees (D:8)
  4 howler monkeys
  A centaur zombie (D:6)
  3 bullfrog zombies (D:6)
  A jelly (D:5)
  A bullfrog skeleton (D:6)
  5 orc priests
  4 hounds
  4 sleepcaps
  5 iguanas
  8 orc wizards
  Robin (D:4)
  A howler monkey skeleton (D:6)
  7 adders
  3 white imps
  2 ufetubi
  2 worms
  2 dart slugs
  35 orcs
  9 ball pythons
  3 bats
  10 endoplasms
  6 giant cockroaches
  17 goblins
  16 hobgoblins
  5 jackals
  6 frilled lizards
  11 kobolds
  8 rats
220 creatures vanquished.

Vanquished Creatures (others)
  A butterfly (D:5)
1 creature vanquished.

Grand Total: 221 creatures vanquished

Notes
Turn   | Place    | Note
-------+----------+-------------------------------------------
     0 | D:1      | NateTC the Troll Fighter began the quest for the Orb.
     0 | D:1      | Reached XP level 1. HP: 22/22 MP: 0/0
   102 | D:1      | Found a faded altar of an unknown god.
   165 | D:1      | Reached XP level 2. HP: 29/29 MP: 1/1
   889 | D:2      | Reached skill level 3 in Unarmed Combat
   889 | D:2      | Reached XP level 3. HP: 29/32 MP: 2/2
  1383 | D:2      | Reached XP level 4. HP: 44/44 MP: 3/3
  2039 | D:3      | Reached XP level 5. HP: 53/53 MP: 4/4
  2100 | D:3      | Reached skill level 4 in Unarmed Combat
  2279 | D:4      | Identified the +4 ring mail of the Maze {Int+5}
  2342 | D:4      | Noticed Sigmund
  2364 | D:4      | Killed Sigmund
  2365 | D:4      | Reached XP level 6. HP: 61/61 MP: 5/5
  2456 | D:4      | Reached skill level 5 in Unarmed Combat
  2464 | D:4      | Noticed Robin
  2472 | D:4      | Killed Robin
  2703 | D:4      | Found a staircase to the Ecumenical Temple.
  2705 | D:4      | Noticed Menkaure
  2714 | D:4      | Killed Menkaure
  2715 | D:4      | Reached XP level 7. HP: 7/68 MP: 6/6
  2774 | Temple   | Entered the Ecumenical Temple
  2967 | Temple   | Became a worshipper of the Wu Jian Council
  3142 | D:4      | Noticed Edmund
  3160 | D:4      | Killed Edmund
  3161 | D:4      | Reached skill level 6 in Unarmed Combat
  3325 | D:5      | Entered Level 5 of the Dungeon
  3536 | D:5      | Found a white marble altar of Elyvilon.
  3567 | D:5      | Reached skill level 5 in Shields
  3567 | D:5      | Reached XP level 8. HP: 50/79 MP: 7/7
  3626 | D:5      | Found a shadowy altar of Dithmenos.
  3771 | D:5      | Reached * piety under Wu Jian
  3772 | D:5      | Reached skill level 7 in Unarmed Combat
  4274 | D:6      | Reached skill level 5 in Fighting
  4398 | D:6      | Reached skill level 8 in Unarmed Combat
  4589 | D:6      | Reached ** piety under Wu Jian
  4792 | D:7      | Reached XP level 9. HP: 78/88 MP: 8/8
  5123 | D:7      | Reached skill level 9 in Unarmed Combat
  5692 | D:7      | Found a hide-covered altar of Uskayaw.
  5726 | D:7      | Reached skill level 10 in Unarmed Combat
  6051 | D:8      | Reached XP level 10. HP: 78/100 MP: 9/9
  6477 | D:9      | Reached *** piety under Wu Jian
  6534 | D:9      | HP: 4/96 [wight/+3 halberd (1)]
  6535 | D:9      | Slain by a wight

Illustrated notes

Levels and vault maps discovered:
D:1:      eino_arrival_water_cross, layout_loops_ring,
          ebering_ecumenical_altar_box, chequers_serial_rivers_small_a,
          minivault_23, minmay_pentomino_q4
D:2:      cheibrodos_greedy_goblins, layout_loops_corners
D:3:      minmay_chambers_of_twos, layout_rooms, minmay_quantized
D:4:      layout_basic, minmay_temple_entry_poolview, uniq_menkaure,
          uniq_edmund, uniq_sigmund, uniq_robin
D:5:      black_bear_nest_2, layout_basic, grunt_dithmenos_smoke_and_mirrors,
          nicolae_elyvilon_peaceful_grove, kennysheep_generic_room_5
D:6:      layout_basic, serial_undead, serial_undead_c, serial_undead_d,
          serial_undead_f, serial_undead_f, glass_columns_a, hellmonk_no_cap
D:7:      layout_basic, nicolae_overflow_crystal_walls
D:8:      layout_rooms
D:9:      layout_rooms, trog_three_pillars_becter
Temple:   eino_narrow_crystal_temple

Skill      XL: |  1  2  3  4  5  6  7  8  9 10 |
---------------+-------------------------------+-----
Shields        | 3 4 5 6 7 |  7.2
Unarmed Combat | 3 4 5 6 8 10 | 10.5
Fighting       | 3 4 5 6 |  6.5
Dodging        | 3 4 |  4.2

Action                     |  1- 3 |  4- 6 |  7- 9 | 10-12 || total
---------------------------+-------+-------+-------+-------++-------
  Melee: Unarmed           |   111 |   134 |   356 |    67 ||   668
Ability: Lunge             |       |       |    24 |     8 ||    32
         Whirlwind         |       |       |    33 |    10 ||    43
         Wall Jump         |       |       |     1 |     1 ||     2
    Use: Scroll            |     5 |     2 |    10 |       ||    17
         Potion            |       |       |     1 |     1 ||     2
   Stab: Sleeping          |       |     1 |       |       ||     1
 Armour: Robe              |    37 |    30 |    40 |     8 ||   115
  Dodge: Dodged            |    31 |    55 |    78 |    14 ||   178
  Block: Kite shield       |    32 |    42 |   140 |    18 ||   232

Table legend: (Time is in decaauts)
 A = Elapsed time spent in this place.
 B = Non-inter-level travel time spent in this place.
 C = Inter-level travel time spent in this place.
 D = Time resting spent in this place.
 E = Time spent auto-exploring this place.
 F = Levels seen in this place.
 G = Mean time per level.
                   A        B        C        D        E       F      G
               +--------+--------+--------+--------+--------+-----+--------+
         Total |   6527 |   6366 |    161 |    559 |   2561 |  10 |  652.7 |
       Dungeon |   6319 |   6173 |    146 |    559 |   2399 |   9 |  702.1 |
        Temple |    208 |    193 |     15 |      0 |    162 |   1 |  208.0 |
               +--------+--------+--------+--------+--------+-----+--------+

Top non-repeatable levels by time:
     D:7: 1220 daAuts
     D:2: 943 daAuts
     D:5: 904 daAuts
     D:4: 840 daAuts
     D:1: 797 daAuts
     D:3: 545 daAuts
     D:6: 526 daAuts
     D:8: 421 daAuts
  Temple: 208 daAuts
     D:9: 119 daAuts
